 Dungeon Sprint DCSS version 0.20-a0-1122-gb7cbeb9 (webtiles) character file.

1000000 Denreik the Ninja (level 14, -51/85 HPs)
             Began as a Formicid Venom Mage on May 15, 2017.
             Was a Follower of Makhleb.
             Annihilated by a meat berserker
             ... wielding a +9 battleaxe
              (58 damage)
             ... in the Dungeon (Sprint VIII: "Arena of Blood").
             The game lasted 00:00:55 (10 turns).

Denreik the Ninja (Formicid Venom Mage)               Turns: 10, Time: 00:00:57

Health: -51/85     AC:  2    Str: 17    XL:     14   Next: 42%
Magic:  17/17      EV: 12    Int: 15    God:    Makhleb [*.....]
Gold:   0          SH:  0    Dex: 12    Spells: 16/17 levels left

rFire    . . .     SeeInvis +   j - +∞ Axe of Woe
rCold    . . .     Gourm    .   (no shield)
rNeg     . . .     Faith    .   a - +0 robe
rPois    .         Spirit   .   (helmet unavailable)
rElec    .         Reflect  .   (no cloak)
rCorr    .         Harm     .   (no gloves)
MR       +....                  (no boots)
Stlth    +++++++++.             (no amulet)
Regen    0.3/turn               (no ring)
MPRegen  0.2/turn               (no ring)

@: no status effects
A: permanent stasis, dig shafts and tunnels, four strong arms, antennae 3
a: Dig, Renounce Religion


You were in the Dungeon.
You worshipped Makhleb.
Makhleb was aware of your devotion.
You were not hungry.

You visited 1 branch

Inventory:

Hand Weapons
 j - the +∞ Axe of Woe (weapon)
   (You found it in the Dungeon)
Armour
 a - a +0 robe (worn)
Scrolls
 i - a scroll of blinking
Potions
 d - a potion of curing
 e - a potion of heal wounds
 f - a potion of haste
 g - 2 potions of magic
 h - a potion of berserk rage
Books
 b - a Young Poisoner's Handbook

   Spells                             Type                      Level
   a - Sting                          Conjuration/Poison           1
   b - Poisonous Vapours              Poison/Air                   2
   c - Mephitic Cloud                 Conjuration/Poison/Air       3
   d - Olgreb's Toxic Radiance        Poison                       4
   e - Venom Bolt                     Conjuration/Poison           5
Comestibles
 c - a bread ration


   Skills:
 * Level 25.8 Axes
 - Level 1.7 Dodging
 O Level 27 Stealth
 - Level 2.1 Spellcasting
 - Level 0.8 Conjurations
 - Level 4.0 Poison Magic


You had 16 spell levels left.
You knew the following spells:

 Your Spells              Type           Power        Failure   Level  Hunger
a - Sting                 Conj/Pois      #...         9%          1    #......


Dungeon Overview and Level Annotations

Branches:
Dungeon (1/1)

Altars:
Makhleb


Innate Abilities, Weirdness & Mutations

You cannot be hasted, slowed, berserked, paralysed or teleported.
You can dig through walls and to a lower floor.
Your four strong arms can wield two-handed weapons with a shield.
You have a pair of large antennae on your head. (SInv)


Message History

You have reached level 13!
You hit the bag of meat.
You pulverise the bag of meat into a thin bloody mist.
You kill the bag of meat!
Makhleb accepts your kill.
You can now gain health from killing.
Your Axes skill gained 3 levels and is now at level 25!
You have reached level 14!
You hear a shout!
The meat berserker rages.
You hear a shout! x4
The meat berserker hits you with a +9 battleaxe!!!
You hear a shout!
The meat berserker hits you with a +9 battleaxe!!!
* * * LOW HITPOINT WARNING * * *
You hear a shout! x2
The bag of meat moves out of view.
You hear a shout! x2
The meat berserker hits you with a +9 battleaxe!!!
Ouch! That really hurt!
You die...

..o. ..o.. ..
#... .# { . #...
..# ..###...
..###.
.......###......
.......)_......
#.@O..# #_O<._#
#o....#
........_..O...
oo{...o###......
..###... ..###.
. #... ..# #...
.# ..... ..


You could see 3 meat berserkers and 4 bags of meat.

Vanquished Creatures
  An ogre (D)
  An orc (D)
2 creatures vanquished.

Notes
Turn   | Place    | Note
-------+----------+-------------------------------------------
     0 | D        | Denreik the Formicid Venom Mage began the quest for the Orb.
     0 | D        | Reached XP level 1. HP: 13/13 MP: 3/3
     2 | D        | Noticed a bag of meat
     3 | D        | Became a worshipper of Makhleb the Destroyer
     4 | D        | Noticed a bag of meat
     5 | D        | Noticed a bag of meat
     5 | D        | Noticed a bag of meat
     6 | D        | Noticed a meat berserker
     8 | D        | Noticed a bag of meat
     8 | D        | Noticed a meat berserker
     9 | D        | Noticed a meat berserker
     9 | D        | Noticed a bag of meat
    10 | D        | Noticed a meat berserker
    10 | D        | Killed a meat berserker
    10 | D        | Reached skill level 27 in Stealth
    10 | D        | Reached XP level 2. HP: 19/19 MP: 5/5
    10 | D        | Reached XP level 3. HP: 24/24 MP: 6/6
    10 | D        | Reached XP level 4. HP: 30/30 MP: 7/7
    10 | D        | Reached XP level 5. HP: 35/35 MP: 8/8
    10 | D        | Reached XP level 6. HP: 41/41 MP: 9/9
    10 | D        | Reached XP level 7. HP: 46/46 MP: 10/10
    10 | D        | Reached XP level 8. HP: 52/52 MP: 11/11
    10 | D        | Reached XP level 9. HP: 57/57 MP: 12/12
    10 | D        | Reached XP level 10. HP: 63/63 MP: 13/13
    10 | D        | Reached XP level 11. HP: 68/68 MP: 14/14
    10 | D        | Reached XP level 12. HP: 74/74 MP: 15/15
    10 | D        | Reached XP level 13. HP: 79/79 MP: 16/16
    10 | D        | Killed a bag of meat
    10 | D        | Reached * piety under Makhleb
    10 | D        | Reached XP level 14. HP: 85/85 MP: 17/17
    10 | D        | Annihilated by a meat berserker

Vault maps used:
D:        meatsprint

Skill      XL: |  1  2  3  4  5  6  7  8  9 10 11 12 13 |
---------------+----------------------------------------+-----
Stealth        | 27 | 27.0
Axes           | 22 25 | 25.8
Dodging        | |  1.7
Spellcasting   | |  2.1
Conjurations   | |  0.8
Poison Magic   | |  4.0

Action                   |  1- 3 |  4- 6 |  7- 9 | 10-12 | 13-15 || total
-------------------------+-------+-------+-------+-------+-------++-------
Melee: Executioner's axe |     1 |       |       |       |       ||     1
